 Dungeon Crawl Stone Soup version 0.26-a0-639-g72c4674329 (webtiles) character file.

Game seed: 1575838233841902330

58086 DogServant the Warrior (level 14, -10/135 HPs)
             Began as a Minotaur Berserker on Sept 19, 2020.
             Was the Champion of Trog.
             Mangled by an enormous slime creature (54 damage)
             ... on level 14 of the Dungeon.
             The game lasted 00:55:26 (27385 turns).

DogServant the Warrior (Minotaur Berserker)        Turns: 27385, Time: 00:55:26

Health: -10/135    AC: 17    Str: 26    XL:     14   Next: 48%
Magic:  13/13      EV: 18    Int:  7    God:    Trog [******]
Gold:   887        SH:  9    Dex: 15    Spells: 13/13 levels left

rFire    . . .     SeeInvis .   K - +2 war axe (flame)
rCold    . . .     Faith    .   p - +1 buckler
rNeg     + . .     Spirit   .   M - +2 ring mail of Itwaergh {Int+3 Dex+4}
rPois    +         Reflect  .   (helmet restricted)
rElec    +         Harm     .   J - +2 cloak {Stlth+}
rCorr    .         Rampage  .   T - +2 pair of gloves "Jusicacw" {rElec}
MR       +++..                  D - +0 pair of boots
Stlth    +.........             (no amulet)
HPRegen  1.32/turn              H - ring of poison resistance
MPRegen  0.13/turn              S - ring of positive energy

@: berserk cooldown, regenerating, slowed, very slow
A: retaliatory headbutt, horns 2
a: Berserk, Trog's Hand, Brothers in Arms, Renounce Religion


You were on level 14 of the Dungeon.
You worshipped Trog.
Trog was exalted by your worship.
You visited 2 branches of the dungeon, and saw 20 of its levels.
You also visited: Ossuary.

You collected 1964 gold pieces.
You spent 1077 gold pieces at shops.

Inventory:

Hand Weapons
 d - a +2 battleaxe
 f - a +4 antimagic broad axe
 K - a +2 war axe of flaming (weapon)
 R - a +1 longbow of freezing
 V - the +6 scimitar "Xautwam" {elec, rF++ Str+5 Int+2}
   (You found it on level 6 of the Lair of Beasts)

   Occasionally, upon striking a foe, it will discharge some electrical energy
   and cause terrible harm.
   It affects your strength (+5).
   It affects your intelligence (+2).
   It greatly protects you from fire.
Missiles
 c - 3 throwing nets (quivered)
 j - 40 poisoned darts
Armour
 a - a +2 kite shield
 m - a +0 plate armour
 p - a +1 buckler (worn)
 D - a +0 pair of boots (worn)
 J - a +2 cloak of stealth (worn)
 M - the +2 ring mail of Itwaergh (worn) {Int+3 Dex+4}
   (You found it on level 10 of the Dungeon)

   It affects your intelligence (+3).
   It affects your dexterity (+4).
 T - the +2 pair of gloves "Jusicacw" (worn) {rElec}
   (You bought it in a shop on level 13 of the Dungeon)

   It insulates you from electricity.
 U - the +7 plate armour of Tempters {MR++}
   (You bought it in a shop on level 13 of the Dungeon)

   It affects your resistance to hostile enchantments.
Jewellery
 H - a ring of poison resistance (left hand)
 P - an uncursed amulet of guardian spirit
 S - a ring of positive energy (right hand)
Wands
 b - a wand of digging (9)
 l - a wand of iceblast (19)
 n - a wand of polymorph (20)
 u - a wand of random effects (28)
 v - a wand of enslavement (9)
 y - a wand of acid (4)
 I - a wand of paralysis (12)
 O - a wand of disintegration (9)
Scrolls
 e - a scroll of fear
 g - 11 scrolls of teleportation
 h - 12 scrolls of remove curse
 k - 4 scrolls of enchant weapon
 t - 3 scrolls of noise
 E - 3 scrolls of magic mapping
 F - 3 scrolls of identify
 L - a scroll of immolation
 W - a scroll of brand weapon
 X - a scroll of enchant armour
 Y - a scroll of silence {unknown}
Potions
 i - 6 potions of haste
 o - 4 potions of lignification
 q - a potion of curing
 r - 2 potions of heal wounds
 s - 3 potions of invisibility
 w - 6 potions of degeneration
 x - 4 potions of stabbing
 z - 6 potions of might
 A - 4 potions of mutation
 B - 3 potions of flight
 G - a potion of ambrosia
 N - 2 potions of berserk rage
 Q - a potion of brilliance
Miscellaneous
 C - a phial of floods


   Skills:
 + Level 15.0 Fighting
 + Level 15.0 Axes
 - Level 6.0 Throwing
 + Level 9.7 Armour
 - Level 10.4 Dodging
 + Level 13.6 Shields
 - Level 4.4 Evocations


You had 13 spell levels left.
You didn't know any spells.
Your spell library contained the following spells:

 Spells                   Type           Power        Failure   Level
 Animate Skeleton         Necr           #.....       54%         1
 Apportation              Tloc           #.....       54%         1
 Freeze                   Ice            #...         54%         1
 Magic Dart               Conj           #...         54%         1
 Pain                     Necr           #...         54%         1
 Blink                    Tloc           N/A          69%         2
 Call Imp                 Summ           #.......     69%         2
 Slow                     Hex            #.......     69%         2
 Conjure Flame            Conj/Fire      #.......     89%         3
 Frozen Ramparts          Ice            #.....       89%         3
 Lesser Beckoning         Tloc           #.........   89%         3
 Mephitic Cloud           Conj/Pois/Air  #.......     89%         3
 Ozocubu's Armour         Ice            #.......     89%         3
 Vampiric Draining        Necr           #.........   89%         3
 Animate Dead             Necr           #.........   100%        4
 Hailstorm                Conj/Ice       #.......     100%        4
 Summon Ice Beast         Ice/Summ       #.......     100%        4
 Agony                    Necr           #.......     100%        5
 Iron Shot                Conj/Erth      #.........   100%        6
 Disjunction              Tloc           #.........   100%        8


Dungeon Overview and Level Annotations

Branches:
Dungeon (14/15)            Temple (0/1) D:6            Lair (6/6) D:11
 Shoals (0/4) Lair:4       Spider (0/4) Lair:2        Slime (0/5) Lair:5
    Orc (0/2) D:10         Vaults (0/5) D:13        Ossuary (visited)

Altars:
Ashenzari
Dithmenos
Fedhas
Hepliaklqana
Nemelex Xobeh
Sif Muna
Trog
Yredelemnul
Jiyva

Shops:
D:6 !   D:13 [

Portals:
Trove: D:10 (show slimy rune of Zot)

Annotations:
D:13 2 runed translucent doors
D:14 11 runed doors


Innate Abilities, Weirdness & Mutations

You reflexively headbutt those who attack you in melee.
You have a pair of horns on your head.


Message History

You headbutt the large slime creature!
The large slime creature barely misses you.
You furiously retaliate!
You headbutt the large slime creature!!
Okay, then.
The orc priest calls down the wrath of Beogh upon you.
Beogh smites you!
* * * LOW HITPOINT WARNING * * *
Two slime creatures merge to form an enormous slime creature.
You feel much better.
Okay, then.
You feel better.
You block the enormous slime creature's attack.
The enormous slime creature misses you. You furiously retaliate!
You headbutt the enormous slime creature, but do no damage.
The orc priest looks braver for a moment.
You slash the enormous slime creature! You burn the enormous slime creature.
You headbutt the enormous slime creature.
The enormous slime creature is almost dead.
The enormous slime creature hits you!!!
You die... #. #.######+ #.......+ ##....... ##.......# +++++++++

##........###.##....###
.............@JJh.....+
###.........####o....##
...##..##.##.#
#.#..##.#
^...^...##.##.##o##..#
........##.##.### ##)#
..^.^...#..##.# #.#
...^......###.# ...
....^.....###.# ##o##
..............# ...


You could see an enormous slime creature, a slime creature, a hound and an orc
priest.

Vanquished Creatures
  Snorg (Lair:3)
  3 vault guards (D:13)
  7 hydras
  4 centaur warriors
  4 two-headed ogres
  2 tengu warriors (D:12)
  Urug (Lair:2)
  Nergalle (D:11)
  9 slime creatures
  2 orc knights (D:13)
  Pikel (D:4)
  2 orc sorcerers (D:13)
  4 cyclopes
  A wolf spider (D:11)
  2 ugly things
  A centaur zombie (D:14)
  2 black mambas
  10 cane toads
  2 rime drakes
  A centaur skeleton (D:12)
  A kobold demonologist (D:13)
  A yaktaur (D:13)
  5 komodo dragons
  A merfolk (Lair:4)
  4 trolls
  7 hornets
  5 polar bears (Lair:6)
  4 hippogriffs
  4 blink frogs
  6 dream sheep (Lair:6)
  13 spriggans (Lair:6)
  Sigmund (D:2)
  2 wyverns
  3 shadows
  25 yaks
  3 humans
  2 wraiths
  3 hogs (D:12)
  3 basilisks
  2 steam dragons
  6 vampire mosquitoes (D:12)
  2 wargs (D:11)
  Menkaure (Ossuary)
  12 water moccasins
  6 porcupines
  3 sky beasts
  3 phantoms
  7 orc warriors
  5 black bears
  An ice beast (D:13)
  An eye of draining (D:10)
  2 necrophages (D:11)
  4 boggarts (Lair:6)
  5 ogres
  22 centaurs
  28 wolves
  3 lemures (D:4)
  12 crocodiles
  5 big kobolds
  15 bullfrogs
  A gnoll sergeant (D:9)
  A water moccasin skeleton (D:7)
  5 scorpions
  9 killer bees
  5 howler monkeys
  An electric eel (Lair:1)
  3 bullfrog zombies
  9 orc priests
  A quasit (D:9)
  5 jellies
  8 hounds
  A bullfrog skeleton (D:6)
  12 orc wizards
  4 iguanas
  Jessica (D:2)
  4 hell rats (Lair:3)
  12 worker ants
  A hound skeleton (D:4)
  3 mummies (Ossuary)
  2 worker ant zombies
  Robin (D:2)
  11 adders
  16 gnolls
  5 river rats (Lair:3)
  A shadow imp (D:8)
  3 white imps
  2 oozes (D:2)
  A worm (D:2)
  2 dart slugs
  3 leopard geckos
  45 orcs
  5 bats
  6 giant cockroaches
  21 goblins
  12 hobgoblins
  9 jackals
  12 kobolds
  5 quokkas
  2 ball pythons
  4 frilled lizards (D:1)
  A gnoll skeleton (Ossuary)
  5 gnoll zombies (Ossuary)
  8 goblin skeletons (Ossuary)
  3 goblin zombies (Ossuary)
  A hobgoblin skeleton (Ossuary)
  4 hobgoblin zombies (Ossuary)
  2 kobold skeletons (Ossuary)
  4 kobold zombies (Ossuary)
  A leopard gecko skeleton (D:8)
  10 orc skeletons (Ossuary)
  7 orc zombies (Ossuary)
  12 rats
  3 rat skeletons (Ossuary)
  2 rat zombies (Ossuary)
615 creatures vanquished.

Vanquished Creatures (others)
  24 fungi
  19 plants
43 creatures vanquished.

Grand Total: 658 creatures vanquished

Notes
Turn   | Place    | Note
-------+----------+-------------------------------------------
     0 | D:1      | DogServant the Minotaur Berserker began the quest for the
                  | Orb.
     0 | D:1      | Reached XP level 1. HP: 19/19 MP: 0/0
   371 | D:1      | Reached XP level 2. HP: 27/27 MP: 1/1
   964 | D:2      | Noticed Sigmund
   988 | D:2      | Killed Sigmund
   988 | D:2      | Reached skill level 5 in Fighting
   988 | D:2      | Reached XP level 3. HP: 36/36 MP: 2/2
   988 | D:2      | Reached XP level 4. HP: 42/42 MP: 3/3
   988 | D:2      | Reached XP level 5. HP: 48/48 MP: 4/4
  1231 | D:2      | Reached ** piety under Trog
  1267 | D:2      | Noticed Jessica
  1271 | D:2      | Killed Jessica
  1271 | D:2      | Reached skill level 5 in Axes
  1339 | D:2      | Noticed Robin
  1360 | D:2      | Killed Robin
  1857 | D:3      | Reached XP level 6. HP: 56/56 MP: 5/5
  1991 | D:3      | Reached *** piety under Trog
  2838 | D:4      | Reached skill level 1 in Shields
  2893 | D:4      | Noticed Pikel
  2913 | D:4      | Killed Pikel
  2913 | D:4      | Reached skill level 5 in Armour
  2913 | D:4      | Reached XP level 7. HP: 62/63 MP: 6/6
  3462 | D:4      | Reached **** piety under Trog
  3462 | D:4      | Reached skill level 5 in Dodging
  3570 | D:4      | Reached XP level 8. HP: 71/71 MP: 7/7
  4013 | D:5      | Entered Level 5 of the Dungeon
  4268 | D:5      | Reached skill level 1 in Throwing
  5007 | D:6      | Found Fessosm's Distillery.
  5080 | D:6      | Bought a potion of heal wounds for 65 gold pieces
  5129 | D:6      | Found a staircase to the Ecumenical Temple.
  5304 | D:6      | Reached skill level 5 in Shields
  5881 | D:6      | Reached XP level 9. HP: 79/79 MP: 8/8
  7692 | D:8      | Found a sand-covered staircase.
  7698 | Ossuary  | Entered an ossuary
  7729 | Ossuary  | Reached ***** piety under Trog
  8094 | Ossuary  | Received a gift from Trog
  8118 | Ossuary  | Noticed Menkaure
  8130 | Ossuary  | HP: 4/81 [Menkaure (17)]
  8132 | Ossuary  | Killed Menkaure
  9351 | D:8      | Found a blossoming altar of Fedhas.
  9416 | D:8      | Reached skill level 1 in Evocations
 10023 | D:8      | Found a sparkling altar of Nemelex Xobeh.
 10512 | D:9      | Reached XP level 10. HP: 83/90 MP: 3/9
 10582 | D:9      | Noticed a two-headed ogre
 10585 | D:9      | Found a hazy altar of Hepliaklqana.
 10588 | D:9      | Killed a two-headed ogre
 10643 | D:9      | Found a shimmering blue altar of Sif Muna.
 10645 | D:9      | Found a shadowy altar of Dithmenos.
 10647 | D:9      | Found a basalt altar of Yredelemnul.
 10648 | D:9      | Found a shattered altar of Ashenzari.
 11022 | D:9      | Noticed a two-headed ogre
 11034 | D:9      | Killed a two-headed ogre
 11382 | D:10     | Entered Level 10 of the Dungeon
 11808 | D:10     | Noticed a two-headed ogre
 11817 | D:10     | Killed a two-headed ogre
 11874 | D:10     | Reached skill level 10 in Fighting
 12091 | D:10     | Found a staircase to the Orcish Mines.
 12253 | D:10     | Found a portal to a secret trove of treasure.
 12638 | D:11     | Noticed a wolf spider
 12646 | D:11     | Killed a wolf spider
 12646 | D:11     | Reached skill level 10 in Axes
 12815 | D:11     | Reached XP level 11. HP: 86/100 MP: 3/10
 12884 | D:11     | Found a staircase to the Lair.
 12928 | D:11     | Received a gift from Trog
 13497 | D:11     | Reached skill level 5 in Throwing
 13508 | D:11     | HP: 7/151 [killer bee (5)]
 14227 | D:11     | Noticed Nergalle
 14234 | D:11     | Killed Nergalle
 14335 | D:11     | Noticed a two-headed ogre
 14340 | D:11     | Killed a two-headed ogre
 14588 | D:12     | Noticed a tengu warrior
 14593 | D:12     | Noticed a tengu warrior
 14604 | D:12     | Noticed an eight-headed hydra
 14662 | D:12     | Noticed a centaur warrior
 15294 | D:12     | Killed a ten-headed hydra
 15420 | D:12     | Reached XP level 12. HP: 46/112 MP: 3/11
 15675 | D:10     | Got a spiked ring mail
 15686 | D:10     | Identified the +2 ring mail of Itwaergh {Int+3 Dex+4} (You
                  | found it on level 10 of the Dungeon)
 15916 | Lair:1   | Entered Level 1 of the Lair of Beasts
 16230 | Lair:1   | Reached skill level 10 in Shields
 16288 | Lair:1   | Identified the Handbook of Displacement and Clay
 17092 | Lair:2   | Noticed Urug
 17102 | Lair:2   | Killed Urug
 17468 | Lair:2   | Identified a scroll of acquirement
 17468 | Lair:2   | Acquired a +2 vampiric war axe
 17587 | Lair:2   | Noticed an eight-headed hydra
 17597 | Lair:2   | Killed a 14-headed hydra
 18002 | Lair:2   | Reached skill level 10 in Dodging
 18113 | Lair:2   | Found a hole to the Spider Nest.
 18520 | Lair:3   | Noticed Snorg
 18530 | Lair:3   | Killed Snorg
 19901 | Lair:4   | Found a bloodstained altar of Trog.
 20101 | Lair:4   | Reached ****** piety under Trog
 20101 | Lair:4   | Reached XP level 13. HP: 122/122 MP: 12/12
 20913 | Lair:4   | Found a staircase to the Shoals.
 21411 | Lair:5   | Found a viscous altar of Jiyva.
 21413 | Lair:5   | Found a staircase to the Slime Pits.
 21945 | Lair:6   | Entered Level 6 of the Lair of Beasts
 22553 | Lair:6   | Got a scorched scimitar
 22554 | Lair:6   | Identified the +6 scimitar "Xautwam" {elec, rF++ Str+5
                  | Int+2} (You found it on level 6 of the Lair of Beasts)
 23038 | Lair:6   | Received a gift from Trog
 24906 | D:12     | Found the +3 crown of Dyrovepreva {rElec Int+2 SInv}
 24990 | D:13     | Reached XP level 14. HP: 133/133 MP: 13/13
 25015 | D:13     | Found Xuagen's Antique Armour Emporium.
 25033 | D:13     | Bought a pair of faintly humming gloves for 256 gold pieces
 25033 | D:13     | Bought a transparent plate armour for 756 gold pieces
 25036 | D:13     | Identified the +2 pair of gloves "Jusicacw" {rElec} (You
                  | bought it in a shop on level 13 of the Dungeon)
 25037 | D:13     | Identified the +7 plate armour of Tempters {MR++} (You
                  | bought it in a shop on level 13 of the Dungeon)
 25085 | D:13     | Found a hazy altar of Hepliaklqana.
 25970 | D:13     | Found a large runed translucent door.
 25970 | D:13     | Found a large runed translucent door.
 26458 | D:13     | Found a gate to the Vaults.
 26471 | D:13     | Received a gift from Trog
 26822 | D:14     | Reached skill level 15 in Fighting
 26997 | D:14     | Reached skill level 15 in Axes
 27348 | D:14     | Found a huge runed gate.
 27349 | D:14     | Found a huge runed gate.
 27351 | D:14     | Found a huge runed gate.
 27355 | D:14     | Found a huge runed gate.
 27355 | D:14     | Found a huge runed gate.
 27356 | D:14     | Found a huge runed gate.
 27357 | D:14     | Found a huge runed gate.
 27357 | D:14     | Found a huge runed gate.
 27357 | D:14     | Found a huge runed gate.
 27358 | D:14     | Found a huge runed gate.
 27359 | D:14     | Found a huge runed gate.
 27385 | D:14     | Mangled by an enormous slime creature

Illustrated notes

Levels and vault maps discovered:
D:1:      tarquinn_simple_flora_water_a, layout_loops_ring,
          minmay_misc_feat_iff, minmay_pentomino_s2
D:2:      layout_basic, uniq_sigmund, uniq_robin, uniq_jessica
D:3:      layout_basic, minivault_27
D:4:      layout_cave_pods, uniq_pikel
D:5:      layout_rooms
D:6:      black_bear_nest_1, layout_gridville, minmay_temple_entry_mini_moons,
          serial_shops, shop
D:7:      layout_loops_cross, corner_web_ring
D:8:      layout_loops_corners, lemuel_coloured_pillars_altar,
          nicolae_ossuary_entry_plus, kennysheep_donut, minmay_misc_feat_square,
          fedhas_altar_2
D:9:      layout_basic, minitemple, hangedman_decor_clover_reticule
D:10:     layout_cave_pools, orc_0_dummy, trove_entry_hex_spiral,
          hangedman_decor_slide_cut
D:11:     layout_cave_pools, erik_lair_orcish_takeover, uniq_nergalle
D:12:     layout_basic, grunt_livestock, minmay_fractal_squares_gapless_7
D:13:     doesnt_quadruple_sword, layout_basic, grunt_vaults_entry_fortified,
          serial_shops, nicolae_shop_overgrown_old_shop, basic_altar
D:14:     layout_loops_corners, minmay_holes, door_vault
Lair:1:   layout_long_grid, infiniplex_staircase_pool, grunt_megastairs_3
Lair:2:   layout_regular_city, spider_nest_entry_web_field, grunt_megastairs_4,
          uniq_urug
Lair:3:   layout_cave_pods, kennysheep_abandoned_house, lemuel_fruit_fields,
          infiniplex_staircase_pool_2, uniq_snorg
Lair:4:   layout_cave_pods, elwin_shoals_entry_rooms, basic_altar, st_stairs_6
Lair:5:   layout_cave_pods, slime_altar_1
Lair:6:   minmay_lair_end_enchanted_forest, layout_gridlike

Skill      XL: |  1  2  3  4  5  6  7  8  9 10 11 12 13 14 |
---------------+-------------------------------------------+-----
Fighting       | 4 5 6 7 8 10 11 13 14 15 | 15.0
Axes           | 4 5 6 7 8 10 11 13 14 15 | 15.0
Armour         | 3 4 5 8 9 |  9.7
Dodging        | 3 4 5 6 7 8 10 | 10.4
Shields        | 3 5 6 7 9 11 12 13 | 13.6
Throwing       | 3 4 6 |  6.0
Evocations     | 2 4 |  4.4

Action                   |  1- 3 |  4- 6 |  7- 9 | 10-12 | 13-15 || total
-------------------------+-------+-------+-------+-------+-------++-------
Melee: Hand axe          |    42 |   122 |   329 |       |       ||   493
       Headbutt          |     8 |    24 |    86 |   110 |   145 ||   373
       Broad axe         |       |       |    70 |   302 |       ||   372
       Battleaxe         |       |       |       |    57 |       ||    57
       War axe           |       |       |       |   120 |   545 ||   665
Throw: Dart              |       |       |       |     4 |       ||     4
       Throwing net      |       |       |       |     2 |       ||     2
Invok: Berserk           |     1 |     2 |     5 |    17 |    16 ||    41
       Trog's Hand       |       |       |       |     2 |     3 ||     5
Evoke: Wand              |       |       |       |     1 |     1 ||     2
  Use: Scroll            |       |       |    16 |    14 |     8 ||    38
       Potion            |       |       |     3 |     5 |     3 ||    11
Armor: Ring mail         |     3 |    40 |    97 |   142 |   126 ||   408
       Animal skin       |     1 |       |       |       |       ||     1
       Skin              |       |       |       |    36 |       ||    36
Dodge: Dodged            |    30 |    70 |   244 |   379 |   334 ||  1057
Block: Buckler           |       |       |     9 |    30 |   197 ||   236
       Kite shield       |       |       |       |    24 |       ||    24

Table legend: (Time is in decaauts)
 A = Elapsed time spent in this place.
 B = Non-inter-level travel time spent in this place.
 C = Inter-level travel time spent in this place.
 D = Time resting spent in this place.
 E = Time spent auto-exploring this place.
 F = Levels seen in this place.
 G = Mean time per level.
                   A        B        C        D        E       F      G
               +--------+--------+--------+--------+--------+-----+--------+
         Total |  27657 |  26666 |    991 |   9716 |  13434 |  21 | 1317.0 |
       Dungeon |  19219 |  18555 |    664 |   7961 |   8143 |  14 | 1372.8 |
          Lair |   7645 |   7319 |    326 |   1437 |   5005 |   6 | 1274.2 |
       Ossuary |    792 |    792 |      0 |    318 |    286 |   1 |  792.0 |
               +--------+--------+--------+--------+--------+-----+--------+

Top non-repeatable levels by time:
    D:12: 2483 daAuts
    D:11: 2126 daAuts
     D:8: 1944 daAuts
    D:13: 1786 daAuts
     D:7: 1750 daAuts
  Lair:3: 1513 daAuts
  Lair:6: 1472 daAuts
  Lair:2: 1386 daAuts
  Lair:4: 1367 daAuts
    D:10: 1355 daAuts
     D:4: 1215 daAuts
  Lair:1: 1182 daAuts
     D:9: 1120 daAuts
     D:3: 1073 daAuts
     D:5: 978 daAuts
